 Dungeon Crawl Stone Soup version 0.31.0-11-ge490571c62 (webtiles) character file.

Game seed: 12608958056708417683

10 browni3141 the Conjurer (level 2, -1/19 HPs)
             Began as a Demonspawn Conjurer on Jan 30, 2024.
             Slain by Sigmund
             ... wielding a +0 scythe
              (4 damage)
             ... on level 2 of the Dungeon.
             The game lasted 00:00:24 (281 turns).

browni3141 the Conjurer (Demonspawn Conjurer)        Turns: 281, Time: 00:00:25

Health: -1/19      AC:  2    Str:  7    XL:     2   Next: 10%
Magic:  5/5        EV: 12    Int: 18    God:
Gold:   10         SH:  0    Dex: 11    Spells: 4/5 levels left

rFire   . . .        (no weapon)
rCold   . . .        (no shield)
rNeg    . . .        a - +0 robe
rPois   .            (no helmet)
rElec   .            (no cloak)
rCorr   .            (no gloves)
SInv    .            (no boots)
Will    .....        (no amulet)
Stlth   ++           (no ring)
HPRegen 0.23/turn    (no ring)
MPRegen 0.09/turn

%: no passive effects
@: no status effects
A: hooves 1
a: no special abilities


You were on level 2 of the Dungeon.
You visited 1 branch of the dungeon, and saw 2 of its levels.

You collected 10 gold pieces.

Inventory:

Armour
 a - a +0 robe (worn)
Scrolls
 c - a scroll of revelation {unknown}
 d - 2 scrolls of poison {unknown}
Potions
 b - a potion of magic


   Skills:
 + Level 2.0 Dodging
 + Level 2.0 Stealth
 + Level 2.2 Spellcasting
 + Level 4.1 Conjurations


You had 4 spell levels left.
You knew the following spells:

 Your Spells              Type           Power      Damage    Failure   Level
a - Magic Dart            Conj           64%        1d6       3%          1

Your spell library contained the following spells:

 Spells                   Type           Power      Damage    Failure   Level
 Searing Ray              Conj           32%        2d5       4%          2
 Fulminant Prism          Conj/Alch      4%         3d5       58%         4
 Iskenderun's Mystic Bla  Conj/Tloc      9%         2d4       58%         4


Dungeon Overview and Level Annotations

Branches:
Dungeon (1/15)

Altars:

Annotations:
D:2 Sigmund


Innate Abilities, Weirdness & Mutations

You have large cloven feet.


Message History

Found a stone staircase leading down.
There is an open door here.
You open the door.
An adder comes into view.
There is an open door here.
The magic dart hits the adder.
The adder is moderately wounded.
The adder hisses angrily.
The magic dart hits the adder.
The adder is heavily wounded.
The adder closely misses you.
The magic dart hits the adder.
The adder is severely wounded.
The adder bites you. The adder bites you. The adder attacks as it pursues you!
The adder closely misses you. The adder attacks as it pursues you!
The adder barely misses you. The adder attacks as it pursues you!
The adder bites you.
There is an open door here.
The adder bites you. The adder attacks as it pursues you!
The adder closely misses you. The adder barely misses you.
The adder attacks as it pursues you! The adder bites you.
Aiming: Magic Dart (safe; 3% risk of failure)
Press: ? - help, Q - select action Shift-Dir - straight line, f/p - adder
Aim: an adder (severely wounded, 100% to hit)
The magic dart hits the adder.
The adder is almost dead.
The adder closely misses you. The adder bites you.
The adder attacks as it pursues you! The adder misses you.
The adder attacks as it pursues you! The adder bites you but does no damage.
The adder bites you. The adder attacks as it pursues you!
The adder completely misses you. The adder attacks as it pursues you!
The adder closely misses you. The adder closely misses you.
The adder attacks as it pursues you! The adder barely misses you.
The adder attacks as it pursues you! The adder bites you.
The adder barely misses you.
Aiming: Magic Dart (safe; 3% risk of failure)
Press: ? - help, Q - select action Shift-Dir - straight line, f/p - adder
Aim: an adder (severely wounded, 100% to hit)
The magic dart hits the adder.
You kill the adder!
Your Dodging skill increases to level 2!
Your Stealth skill increases to level 2!
You have reached level 2!
Your demonic ancestry asserts itself...
Your feet thicken and deform.
Magic restored.
HP restored.
A goblin comes into view. It is wielding a +0 club.
A goblin is nearby!
A goblin is nearby!
You hit the goblin but do no damage. The goblin misses you.
You hit the goblin. Your kick misses the goblin.
The goblin is moderately wounded.
The goblin hits you but does no damage.
You barely miss the goblin. Your kick misses the goblin.
The goblin is moderately wounded.
The goblin hits you but does no damage.
You barely miss the goblin.
The goblin is moderately wounded.
The goblin closely misses you.
You hit the goblin.
The goblin is severely wounded.
The goblin barely misses you.
You closely miss the goblin. Your kick misses the goblin.
The goblin is severely wounded.
The goblin hits you but does no damage.
You hit the goblin but do no damage.
The goblin is severely wounded.
The goblin hits you with a +0 club.
You barely miss the goblin. Your kick misses the goblin.
The goblin is severely wounded.
The goblin completely misses you.
You hit the goblin.
You kill the goblin!
You see here a +0 club.
Found a stone staircase leading up.
Sigmund the Dreaded comes into view.
He is wielding a +0 scythe.
Sigmund shouts!
Sigmund is nearby!
Sigmund asks, "Do you like me?" Sigmund hits you with a +0 scythe.
Sigmund casts a spell at you. The magic dart hits you.
Sigmund hits you with a +0 scythe! Sigmund closely misses you.
Sigmund screams, "I am the angel of ZOT!!!"
Sigmund hits you with a +0 scythe. Sigmund hits you but does no damage.
Sigmund barely misses you. Sigmund closely misses you.
Sigmund closely misses you. Sigmund barely misses you.
Sigmund hits you with a +0 scythe. Sigmund hits you with a +0 scythe.
You die...
Sigmund begins carving another notch in his scythe.

#.........#
#...##.##.#
.#####..##.#
...........#
#######.#### #.#
###.#
#######@.#......#
.......@#.#######
#########.# .# .#
##


You could see Sigmund.

Vanquished Creatures
  An adder (D:2)
  A goblin (D:2)
2 creatures vanquished.

Notes
Turn   | Place    | Note
-------+----------+-------------------------------------------
     0 | D:1      | browni3141 the Demonspawn Conjurer began the quest for the
                  | Orb.
     0 | D:1      | Reached XP level 1. HP: 13/13 MP: 3/3
    16 | D:1      | You fall into a shaft and drop 1 floor!
   106 | D:2      | Gained mutation: You have large cloven feet. [demonic
                  | ancestry]
   106 | D:2      | Reached XP level 2. HP: 3/19 MP: 0/5
   263 | D:2      | Noticed Sigmund
   281 | D:2      | Slain by Sigmund

Illustrated notes

Levels and vault maps discovered:
D:1:      mainiacjoe_arrival_reflecting_pool, layout_loops_ring,
          ebering_ecumenical_altar_webs
D:2:      layout_loops_ring, minmay_liquid_box, nicolae_hexahallways,
          uniq_sigmund

Skill      XL: |  1 |
---------------+----+-----
Dodging        | 2 |  2.0
Stealth        | 2 |  2.0
Spellcasting   | |  2.2
Conjurations   | |  4.1

Action                     || total
---------------------------++-------
  Melee: Unarmed           ||     9
   Cast: Magic Dart        ||     5
 Armour: Robe              ||    20
  Dodge: Dodged            ||    21
